 Dungeon Crawl Stone Soup version 0.12.2-14-g7c90c79 (webtiles) character file.

176 MarVin the Covered (level 4, 0/36 HPs)
             Began as a Demonspawn Fighter on Aug 4, 2013.
             Succumbed to a gnoll's poison
             ... on Level 3 of the Dungeon.
             The game lasted 00:18:16 (1748 turns).

MarVin the Covered (Demonspawn Fighter)             Turns: 1748, Time: 00:18:16

HP   0/36        AC  8     Str 18      XL: 4   Next: 35%
MP   3/3         EV  5     Int  9      God:
Gold 84          SH 18     Dex 12      Spells:  0 memorised,  3 levels left

Res.Fire  : . . .   See Invis. : .   a - +0 hand axe {=f}
Res.Cold  : . . .   Warding    : .   b - +0 scale mail
Life Prot.: . . .   Conserve   : .   c - +0 shield
Res.Poison: .       Res.Corr.  : .   (no helmet)
Res.Elec. : .       Clarity    : .   (no cloak)
Sust.Abil.: . .     Spirit.Shd : .   q - +0 pair of gloves
Res.Mut.  : .       Stasis     : .   (no boots)
Res.Rott. : .       Ctrl.Telep.: .   (no amulet)
Saprovore : . . .   Flight     : .   (no ring)
                                     (no ring)

@: quite poisoned, slightly resistant to hostile enchantments, extremely
unstealthy
A: powered by death 1
a: no special abilities


You were on level 3 of the Dungeon.
You were not hungry.

You visited 1 branch of the dungeon, and saw 3 of its levels.

You collected 64 gold pieces.

Inventory:

Hand weapons
 a - a +0,+0 hand axe (weapon) {=f}
Armour
 b - a +0 scale mail (worn)
 c - a +0 shield (worn)
 k - a +0 elven ring mail
 o - a +1 dwarven ring mail
 q - a +0 pair of gloves (worn)
Comestibles
 d - a bread ration
 s - a chunk of bat flesh
Scrolls
 e - 2 scrolls of remove curse {unknown}
 f - 3 scrolls of blinking {unknown}
 g - 2 scrolls of curse jewellery {unknown}
 h - a scroll of teleportation {unknown}
 i - a scroll of recharging {unknown}
 j - a scroll of fog {unknown}
 m - 2 scrolls of identify {unknown}
 n - a scroll of enchant armour {unknown}
 p - a scroll of noise {unknown}
Jewellery
 l - a cursed ring of hunger {unknown}
Potions
 t - a potion of restore abilities {unknown}


   Skills:
 - Level 3.0 Fighting
 + Level 2.2 Axes
 + Level 3.4 Armour
 + Level 2.0 Dodging
 - Level 3.1 Shields


You had 3 spell levels left.
You didn't know any spells.

Dungeon Overview and Level Annotations

Branches:
Dungeon (3/27)

Altars:
Trog
Xom
the Shining One


Innate Abilities, Weirdness & Mutations

You can steal the life force of nearby defeated enemies.


Message History

You are more poisoned.
You feel sick.
The gnoll hits you from afar with a spear!
* * * LOW HITPOINT WARNING * * *
* * * LOW HITPOINT WARNING * * *
You feel sick.
* * * LOW HITPOINT WARNING * * *
You feel sick.
You feel a little better.
* * * LOW HITPOINT WARNING * * *
You feel sick.
* * * LOW HITPOINT WARNING * * *
You feel sick.
Some of the chunks of flesh in your inventory have completely rotted away.
* * * LOW HITPOINT WARNING * * *
You feel sick.
* * * LOW HITPOINT WARNING * * *
You feel sick.
You feel a little better.
You die...

#...##.............#
###.
#............... #
#.....###.......g
#..######.##.....
#........>......
#..##...#.....#
#.%##...#.....#
#..##........>#
#.@###....##..#
#..###....##..#
#...g.g.......#
#....####.##.##
#....# #.# .# #....#
... .# ....###
#...#.# .....#
#...#.# .....#
##.....


There were no monsters in sight!

Vanquished Creatures
  A gnoll (D:3)
  An adder (D:2)
  An inept feature mimic (D:2)
  A giant mite (D:3)
  2 worms
  3 giant cockroaches (D:1)
  6 hobgoblins
  2 jackals (D:1)
  3 kobolds
  A quokka (D:2)
  4 bats
  3 giant geckos
  3 giant newts
  8 goblins
  9 rats
48 creatures vanquished.

Notes
Turn   | Place    | Note
--------------------------------------------------------------
     0 | D:1      | MarVin, the Demonspawn Fighter, began the quest for the Orb.
     0 | D:1      | Reached XP level 1. HP: 18/18 MP: 0/0
   264 | D:1      | Gained mutation: You can steal the life force of nearby defeated enemies. [demonic ancestry]
   264 | D:1      | Reached XP level 2. HP: 8/24 MP: 1/1
   683 | D:2      | Found a bloodstained altar of Trog.
   791 | D:2      | Found a shimmering altar of Xom.
   830 | D:2      | Reached XP level 3. HP: 25/30 MP: 2/2
   883 | D:2      | Reached skill level 1 in Dodging
  1135 | D:2      | Found a glowing golden altar of the Shining One.
  1571 | D:3      | Reached XP level 4. HP: 22/36 MP: 3/3
  1745 | D:3      | HP: 1/36 [poisoned by a gnoll]
  1748 | D:3      | Succumbed to a gnoll's poison

Action                   |  1- 3 |  4- 6 || total
-------------------------+-------+-------++-------
Melee: Hand axe          |   235 |    31 ||   266
